 Dungeon Crawl Stone Soup version 0.31.0-9-g3a7656b989 (webtiles) character file.

Game seed: 7006526806996559576

592 Kenran the Chopper (level 7, 0/61 HPs)
             Began as a Gargoyle Berserker on Jan 27, 2024.
             Was a Priest of Trog.
             Slain by a quasit (3 damage)
             ... summoned by Eustachio
             ... on level 4 of the Dungeon.
             The game lasted 00:06:26 (2478 turns).

Kenran the Chopper (Gargoyle Berserker)             Turns: 2478, Time: 00:06:27

Health: 0/61       AC: 14    Str: 23    XL:     7   Next: 39%
Magic:  7/7        EV:  8    Int:  7    God:    Trog [***...]
Gold:   194        SH:  0    Dex:  9    Spells: 6/6 levels left

rFire   . . .        a - +0 hand axe
rCold   . . .        (no shield)
rNeg    + . .        p - +0 chain mail
rPois   ∞            e - +0 helmet
rElec   +            (no cloak)
rCorr   .            (no gloves)
SInv    .            (no boots)
Will    .....        m - amulet of regeneration Stlth
                     (no ring)
HPRegen 1.10/turn    (no ring)
MPRegen 0.10/turn

%: no passive effects
@: berserking, very quick
A: sickness immunity, AC +4, negative energy resistance 1, electricity
resistance, torment resistance 1, petrification resistance
a: Renounce Religion, Berserk, Trog's Hand


You were on level 4 of the Dungeon.
You worshipped Trog.
Trog was most pleased with you.
You visited 1 branch of the dungeon, and saw 4 of its levels.

You collected 220 gold pieces.
You spent 26 gold pieces at shops.

Inventory:

Hand Weapons
 a - a +0 hand axe (weapon)
 c - a +2 battleaxe of venom
 k - the +3 whip "Cookie Cutter" {flame, rElec rC+ Int+3}
   (You found it on level 3 of the Dungeon)

   Int+3:     It affects your intelligence (+3).
   rC+:       It protects you from cold.
   rElec:     It insulates you from electricity.
Armour
 e - a +0 helmet (worn)
 p - a +0 chain mail (worn)
Jewellery
 m - an amulet of regeneration (around neck)
Scrolls
 d - a scroll of fog {unknown}
 g - a scroll of revelation {unknown}
 l - 2 scrolls of butterflies {unknown}
 o - a scroll of torment {unknown}
Potions
 b - 4 potions of curing {unknown}
 f - a potion of lignification {unknown}
 h - a potion of mutation {unknown}
 i - 2 potions of heal wounds {unknown}
 j - 2 potions of might {unknown}
 n - a potion of haste {unknown}
 q - a potion of cancellation {unknown}


   Skills:
 - Level 3.2 Fighting
 + Level 7.6 Axes
 - Level 2.1 Armour
 - Level 1.5 Dodging


You had 6 spell levels left.
You didn't know any spells.
Your spell library was empty.

Dungeon Overview and Level Annotations

Branches:
Dungeon (4/15)
 Temple: D:4-7

Altars:

Shops:
D:1 *   D:3 *

Annotations:
D:4 Eustachio


Innate Abilities, Weirdness & Mutations

You are immune to sickness and miasma.
Your stone body is resilient. (AC +4)
You are immune to poison.
You resist negative energy. (rN+)
You are resistant to electric shocks. (rElec)
You are resistant to unholy torment.
You are immune to petrification.


Message History

Eustachio casts a spell.
The bat hits you but does no damage. x2
The iron imp attacks as it pursues you! The iron imp hits you.
The rat bites you but does no damage. Eustachio hits you with a +0 rapier!
You hit Eustachio but do no damage.
Eustachio is almost dead.
You hit the rat.
You kill the rat!
The rat's corpse disappears in a puff of smoke!
You barely miss the iron imp. You barely miss the bat. You hit the river rat.
The bat barely misses you.
The iron imp hits you but does no damage.
You barely miss Eustachio.
Eustachio is almost dead.
You miss the quasit. You barely miss the river rat. You hit the quokka.
You hit the iron imp but do no damage.
The river rat bites you but does no damage.
Eustachio casts a spell.
Eustachio blinks!
The quasit bites you but does no damage.
The quasit claws you but does no damage.
The quasit closely misses you. The quokka completely misses you.
The iron imp hits you.
The quasit bites you but does no damage.
The quasit claws you but does no damage. x2
The river rat bites you!
* * * LOW HITPOINT WARNING * * *
The quokka bites you.
* * * LOW HITPOINT WARNING * * *
The bat hits you but does no damage. The quasit barely misses you. x2
The quasit claws you but does no damage.
A red film seems to cover your vision as you go berserk!
You feel yourself moving faster!
You feel mighty!
The iron imp disappears in a puff of smoke!
The bat hits you but does no damage. Eustachio closely misses you.
The river rat bites you but does no damage.
The quokka bites you.
* * * LOW HITPOINT WARNING * * *
The quasit bites you.
You die...

........).....≣≣
≣≣....>≣.....≣≣
≣≣≣.≣≣≣≣≣≣..≣
≣......≣≣...
≣......≣≣≣≣≣≣
≣......≣
≣≣≣≣≣≣≣≣≣≣≣.....≣
......†..<.5rb..≣
≣≣≣≣≣≣≣≣≣≣≣§@@..≣
≣r....≣
≣≣≣≣≣≣≣≣.....≣≣≣
..@.............


≣≣≣≣≣≣≣≣≣≣≣≣≣≣≣≣ You could see Eustachio, a quasit (summoned), a river rat
(summoned), a quokka (summoned) and a bat (summoned).

Vanquished Creatures
  Sigmund (D:2)
  A scorpion (D:4)
  3 killer bees (D:4)
  Jessica (D:2)
  4 gnolls
  6 adders
  A dart slug (D:1)
  3 ribbon worms
  5 orcs (D:3)
  9 endoplasms
  A giant cockroach (D:3)
  9 goblins
  8 hobgoblins
  3 jackals (D:1)
  13 kobolds
  4 quokkas
  9 ball pythons
  11 bats
  9 frilled lizards
  4 rats
105 creatures vanquished.

Notes
Turn   | Place    | Note
-------+----------+-------------------------------------------
     0 | D:1      | Kenran the Gargoyle Berserker began the quest for the Orb.
     0 | D:1      | Reached XP level 1. HP: 14/14 MP: 1/1
    74 | D:1      | Reached skill level 3 in Axes
    77 | D:1      | Reached XP level 2. HP: 18/19 MP: 2/2
   223 | D:1      | Reached XP level 3. HP: 14/23 MP: 3/3
   287 | D:1      | Reached ** piety under Trog
   482 | D:1      | Found Qinuxt's Assorted Antiques.
   645 | D:1      | Reached skill level 4 in Axes
   759 | D:2      | Reached XP level 4. HP: 25/28 MP: 4/4
   787 | D:2      | Noticed Jessica
   801 | D:2      | Killed Jessica
   802 | D:2      | Reached skill level 5 in Axes
   802 | D:2      | Reached XP level 5. HP: 31/32 MP: 5/5
   848 | D:2      | Noticed Sigmund
   867 | D:2      | Killed Sigmund
   868 | D:2      | Reached skill level 6 in Axes
   868 | D:2      | Reached XP level 6. HP: 37/37 MP: 6/6
  1248 | D:3      | Identified the +3 whip "Cookie Cutter" {flame, rElec rC+
                  | Int+3}
  1469 | D:3      | Reached *** piety under Trog
  1638 | D:3      | Found Sepuiba's General Store.
  1641 | D:3      | Bought a scroll of identify for 26 gold pieces
  2174 | D:4      | Reached skill level 7 in Axes
  2174 | D:4      | Reached XP level 7. HP: 41/41 MP: 7/7
  2365 | D:4      | Noticed Eustachio
  2478 | D:4      | HP: 3/61 [quokka[Eustachio] (4)]
  2478 | D:4      | Slain by a quasit

Illustrated notes

Levels and vault maps discovered:
D:1:      psy_arrival_statuary, layout_basic, serial_shops, shop
D:2:      layout_rooms, uniq_jessica, uniq_sigmund
D:3:      minmay_bubble_buster, layout_loops_ring, serial_shops,
          nicolae_shop_tiny_real_fake_doors
D:4:      layout_rooms, grunt_ministairs_10, uniq_eustachio

Skill      XL: |  1  2  3  4  5  6 |
---------------+-------------------+-----
Axes           | 3 4 5 6 7 |  7.6
Fighting       | |  3.2
Armour         | |  2.1
Dodging        | |  1.5

Action                     |  1- 3 |  4- 6 |  7- 9 || total
---------------------------+-------+-------+-------++-------
  Melee: Hand axe          |    92 |   217 |   140 ||   449
         Punch             |       |     2 |     2 ||     4
 Invoke: Berserk           |     1 |     1 |     2 ||     4
    Use: Scroll            |       |     1 |       ||     1
 Armour: Ring mail         |    66 |   122 |       ||   188
         Animal skin       |     4 |       |       ||     4
         Chain mail        |       |     9 |   141 ||   150
  Dodge: Dodged            |    62 |   137 |    64 ||   263
